 Dungeon Sprint DCSS version 0.27-a0-1291-geefcff550b (webtiles) character file.

Game seed: 2343791048612844486

17493 mhtbhm the Imperceptible (level 12, -16/57 HPs)
             Began as a Felid Berserker on June 15, 2021.
             Was the Champion of Trog.
             Demolished by a spriggan defender (18 damage)
             ... in the Dungeon (Sprint IV: "Fedhas' Mad Dash").
             The game lasted 00:10:32 (6454 turns).

mhtbhm the Imperceptible (Felid Berserker)          Turns: 6454, Time: 00:10:33

Health: -16/57     AC:  3    Str: 17    XL:     12   Next: 19%
Magic:  12/13      EV: 27    Int:  9    God:    Trog [******]
Gold:   348        SH:  0    Dex: 16    Spells: 11/11 levels left
                                        Lives:  0   Deaths: 3

rFire    . . .     SeeInvis +     - Unarmed
rCold    + . .     Faith    .   (shield unavailable)
rNeg     . . .     Spirit   .   (armour unavailable)
rPois    .         Reflect  .   (helmet unavailable)
rElec    .         Harm     .   (cloak unavailable)
rCorr    .         Rampage  .   (gloves unavailable)
Will     +....     NoTele   +   (boots unavailable)
Stlth    +++++++++.             h - amulet of invisibility {+Inv}
HPRegen  0.19/turn              (no ring)
MPRegen  0.13/turn              (no ring)

@: very slightly contaminated, invisible, quick
A: very small, claws 1, fangs 3, see invisible, speed 1, shaggy fur 3, stealthy
paws, no weapons or thrown items, no armour, multi-lived
a: Renounce Religion, Evoke Invisibility, Berserk, Trog's Hand, Brothers in Arms


You were in the Dungeon.
You worshipped Trog.
Trog was exalted by your worship.
You visited 1 branch You collected 423 gold pieces.
You spent 75 gold pieces at shops.

Inventory:

Jewellery
 c - the amulet "Ulid" {Spirit Will+}
   (You found it in the Dungeon)

   [amulet of guardian spirit]

   It causes incoming damage to be divided between your reserves of health and
   magic.
   It increases your willpower.
 h - the amulet of invisibility (around neck) {+Inv}
   (You found it in the Dungeon)

   [amulet of nothing]

   It lets you turn invisible.
Scrolls
 g - a scroll of torment {unknown}
 i - a scroll of amnesia {unknown}
 j - a scroll of summoning {unknown}
Potions
 a - 2 potions of curing
 b - a potion of heal wounds
 d - 2 potions of magic
 e - a potion of berserk rage
Miscellaneous
 k - a lightning rod (4/4)


   Skills:
 + Level 9.3 Fighting
 + Level 15.2 Dodging
 + Level 26.2 Stealth
 + Level 19.5 Unarmed Combat
 + Level 14.7 Evocations


You had 11 spell levels left.
You didn't know any spells.
Your spell library was empty.

Dungeon Overview and Level Annotations

Branches:
Dungeon (1/1)

Altars:
Cheibriados
Dithmenos
Elyvilon
Gozag
Hepliaklqana
Kikubaaqudgha
Makhleb
Nemelex Xobeh
Okawaru
Qazlal
Ru
Sif Muna
Trog
Uskayaw
Vehumet
Wu Jian
Xom
Yredelemnul
Zin
The Shining One
Beogh
Jiyva
Lugonu

Shops:
D *(*?***(:?[?!***[???*


Innate Abilities, Weirdness & Mutations

You have sharp claws.
You have razor-sharp teeth.
You have supernaturally acute eyesight. (SInv)
You cover ground quickly. (Speed+)
Your thick and shaggy fur keeps you warm. (AC +3, rC+)
Your paws help you pounce on unaware monsters.
You are incapable of wielding weapons or throwing items.
You cannot wear armour.
You gain extra lives every three experience levels.


Message History

You flicker for a moment.
You start resting.
Your deep troll is no longer berserk.
You flicker back into view.
You start resting.
Your deep troll disappears in a puff of smoke!
You feel yourself speed up.
You start resting.
You recover from your berserk rage.
You start resting.
Your magical contamination has completely faded away.
You start resting.
You start resting.
HP restored.
Things that are here:
a +2 flail of protection; a +0 animal skin; a spriggan corpse 2 moths of wrath come into view.
You fail to use your ability.
You fade into invisibility!
You are very lightly contaminated with residual magic.
A spriggan defender comes into view. It is wielding a +4 quick blade.
Found the Orb of Zot.
You pounce on the unaware helpless moth of wrath!
You eviscerate the moth of wrath!!!!!!
You kill the moth of wrath!
Trog accepts your kill.
A spriggan defender comes into view.
It is wielding a +1 demon whip of electrocution.
The spriggan defender shouts!
The spriggan defender hits you with a +1 demon whip of electrocution.
You are electrocuted!
Unknown command.
Okay, then.
Your deep troll goes berserk!
The spriggan defender completely misses you.
The spriggan defender hits you with a +4 quick blade!
The spriggan defender hits you with a +1 demon whip of electrocution!!
Ouch! That really hurt!
* * * LOW HITPOINT WARNING * * *
You are electrocuted!!
You die...

..........'.......#
..........#######.#
#################.#
♣..♣..♣.)♣..♣..♣..#
..).)..........)..#
♣..♣..♣.)♣..♣..♣..#
###################
..######...†..####
...............T@♣
........#######ii0#
.................♣#
..######...y..####
### #######


You could see 2 spriggan defenders, a moth of wrath (asleep) and a friendly deep
troll (summoned, berserk).

Vanquished Creatures
  2 ghost moths (D)
  3 spriggan defenders (D)
  3 spriggan berserkers (D)
  3 spriggan druids (D)
  25 oklob plants (D)
  2 moths of wrath (D)
  2 queen bees (D)
  4 demonic crawlers (D)
  3 burning bushes (D)
  3 wandering mushrooms (D)
  10 hornets (D)
  4 scorpions (D)
  4 killer bees (D)
  5 oklob saplings (D)
  11 spriggans (D)
  A river rat (D)
  A rat (D)
  2 ballistomycete spores (D)
88 creatures vanquished.

Vanquished Creatures (collateral kills)
  the Enchantress (D)
  Agnes (D)
  A spriggan defender (D)
  2 spriggan berserkers (D)
  A spriggan druid (D)
6 creatures vanquished.

Vanquished Creatures (others)
  A bush (D)
  2 fungi (D)
3 creatures vanquished.

Grand Total: 97 creatures vanquished

Notes
Turn   | Place    | Note
-------+----------+-------------------------------------------
     0 | D        | mhtbhm the Felid Berserker began the quest for the Orb.
     0 | D        | Reached XP level 1. HP: 10/10 MP: 2/2
     9 | D        | Reached skill level 5 in Dodging
     9 | D        | Reached XP level 2. HP: 15/15 MP: 3/3
    65 | D        | Noticed an oklob sapling
    71 | D        | Killed an oklob sapling
    71 | D        | Reached ** piety under Trog
    72 | D        | Reached XP level 3. HP: 6/18 MP: 4/4
   287 | D        | Noticed a scorpion
   288 | D        | Found the amulet of invisibility {+Inv}
   292 | D        | Killed a scorpion
   293 | D        | Reached skill level 5 in Fighting
   293 | D        | Reached skill level 5 in Unarmed Combat
   293 | D        | Reached XP level 4. HP: 23/23 MP: 5/5
   448 | D        | Found an opulent altar of Gozag.
   448 | D        | Found a hazy altar of Hepliaklqana.
   448 | D        | Found a burning altar of Makhleb.
   448 | D        | Found a sparkling altar of Nemelex Xobeh.
   448 | D        | Found a snail-covered altar of Cheibriados.
   448 | D        | Found a sacrificial altar of Ru.
   448 | D        | Found a shimmering blue altar of Sif Muna.
   448 | D        | Found a shimmering altar of Xom.
   448 | D        | Found a basalt altar of Yredelemnul.
   449 | D        | Found a viscous altar of Jiyva.
   449 | D        | Found a bloodstained altar of Trog.
   449 | D        | Found an ornate altar of the Wu Jian Council.
   450 | D        | Found an iron altar of Okawaru.
   450 | D        | Found a shadowy altar of Dithmenos.
   450 | D        | Found a glowing silver altar of Zin.
   451 | D        | Found an ancient bone altar of Kikubaaqudgha.
   451 | D        | Found a hide-covered altar of Uskayaw.
   452 | D        | Found a stormy altar of Qazlal.
   452 | D        | Found a white marble altar of Elyvilon.
   452 | D        | Found a glowing golden altar of the Shining One.
   453 | D        | Found a corrupted altar of Lugonu.
   453 | D        | Found a radiant altar of Vehumet.
   457 | D        | Reached skill level 1 in Stealth
   457 | D        | Reached XP level 5. HP: 27/27 MP: 3/6
   467 | D        | Reached *** piety under Trog
   468 | D        | Reached skill level 2 in Stealth
   599 | D        | Reached skill level 1 in Evocations
   604 | D        | Reached skill level 3 in Stealth
   605 | D        | Gained mutation: You are covered in thick fur. (AC +2)
                  | [Felid growth]
   605 | D        | Reached XP level 6. HP: 33/33 MP: 4/7
   615 | D        | Found Liosaw's Assorted Antiques.
   615 | D        | Found Daotunih's Assorted Antiques.
   689 | D        | Reached **** piety under Trog
   690 | D        | Reached skill level 4 in Stealth
   847 | D        | Noticed a queen bee
   854 | D        | Reached skill level 10 in Dodging
   858 | D        | Killed a queen bee
   859 | D        | Reached skill level 6 in Stealth
   859 | D        | Reached XP level 7. HP: 37/37 MP: 6/8
   861 | D        | Reached skill level 7 in Stealth
   912 | D        | Noticed an oklob plant
  1352 | D        | Killed an oklob plant
  1353 | D        | Reached skill level 8 in Stealth
  1353 | D        | Reached skill level 10 in Unarmed Combat
  1353 | D        | Reached XP level 8. HP: 39/41 MP: 6/9
  1461 | D        | Noticed a burning bush
  1469 | D        | Killed a burning bush
  1469 | D        | Reached ***** piety under Trog
  1470 | D        | Reached skill level 9 in Stealth
  1622 | D        | Noticed a burning bush
  1622 | D        | Noticed a wandering mushroom
  1623 | D        | Noticed a wandering mushroom
  1625 | D        | Killed a wandering mushroom
  1626 | D        | Reached skill level 10 in Stealth
  1803 | D        | Killed a burning bush
  1806 | D        | Killed a wandering mushroom
  1807 | D        | Reached skill level 11 in Stealth
  1807 | D        | Reached XP level 9. HP: 45/45 MP: 8/10
  1845 | D        | Found Kaufuna's Magic Scroll Emporium.
  1845 | D        | Found Didopymm's Magic Scroll Shoppe.
  1850 | D        | Bought a scroll of blinking for 75 gold pieces
  1899 | D        | Noticed a burning bush
  1899 | D        | Noticed an oklob plant
  1900 | D        | Noticed a wandering mushroom
  1901 | D        | Killed a burning bush
  1906 | D        | Killed an oklob plant
  1907 | D        | Reached skill level 12 in Stealth
  1910 | D        | Killed a wandering mushroom
  1927 | D        | Noticed a spriggan druid
  1928 | D        | Killed a spriggan druid
  1928 | D        | Reached ****** piety under Trog
  1929 | D        | Reached skill level 13 in Stealth
  1929 | D        | Reached skill level 10 in Evocations
  2079 | D        | Noticed an oklob plant conjurer
  2080 | D        | Killed an oklob plant conjurer
  2161 | D        | Noticed an oklob plant
  2161 | D        | Noticed an oklob plant summoner
  2162 | D        | Noticed an oklob plant shifter
  2166 | D        | Killed an oklob plant
  2167 | D        | Reached skill level 14 in Stealth
  2167 | D        | Reached XP level 10. HP: 49/49 MP: 8/11
  2168 | D        | Killed an oklob plant summoner
  2171 | D        | Killed an oklob plant shifter
  2172 | D        | Reached skill level 15 in Stealth
  2328 | D        | Noticed a spriggan rider
  2329 | D        | Found Bahon's Magic Scroll Emporium.
  2346 | D        | Mangled by a spriggan rider
  2347 | D        | Reached XP level 9. HP: -8/67 MP: 10/10
  2481 | D        | Noticed Agnes
  2625 | D        | Found Jupihye's Assorted Antiques.
  2657 | D        | Found Nufujoz's General Store.
  2657 | D        | Noticed a spriggan berserker
  2679 | D        | Killed Agnes
  2680 | D        | Reached skill level 16 in Stealth
  2681 | D        | Killed a spriggan berserker
  2705 | D        | Found Tiuck's Antique Armour Shoppe.
  2707 | D        | Noticed a spriggan defender
  2714 | D        | Killed a spriggan defender
  2715 | D        | Reached skill level 17 in Stealth
  2715 | D        | Reached XP level 10. HP: 49/49 MP: 11/11
  2716 | D        | Identified the +5 mace of the Candelabrum {freeze, rPois
                  | rF- rC+ Stlth+}
  2799 | D        | Demolished by a spriggan rider
  2800 | D        | Reached XP level 9. HP: -20/67 MP: 10/10
  2800 | D        | Found Kemiekku's Magic Scroll Emporium.
  2800 | D        | Found Norchen's Distillery.
  2800 | D        | Noticed an oklob plant summoner
  2800 | D        | Killed an oklob plant summoner
  2801 | D        | Reached skill level 15 in Unarmed Combat
  2807 | D        | Noticed a spriggan rider
  2807 | D        | Noticed a demonic crawler
  2821 | D        | Killed a demonic crawler
  2825 | D        | Reached skill level 18 in Stealth
  2832 | D        | Killed a spriggan rider
  2833 | D        | Reached XP level 10. HP: 21/49 MP: 11/11
  3221 | D        | Noticed an oklob plant demonologist
  3221 | D        | Noticed an oklob plant annihilator
  3223 | D        | Noticed a spriggan berserker
  3230 | D        | Killed a spriggan berserker
  3231 | D        | Killed an oklob plant demonologist
  3232 | D        | Reached skill level 19 in Stealth
  3233 | D        | Killed an oklob plant annihilator
  3242 | D        | Identified the amulet "Ulid" {Spirit Will+}
  3331 | D        | Found Cacocw's General Store.
  3331 | D        | Found Noelliv's Assorted Antiques.
  3331 | D        | Found Xykh's Antique Weapon Emporium.
  3333 | D        | Found Fonazien's Magic Scroll Shop.
  3333 | D        | Found Kuagi's Assorted Antiques.
  3418 | D        | Found Owein's Magic Scroll Emporium.
  3418 | D        | Found Pecsu's Antique Armour Shop.
  3418 | D        | Found Ciras's Book Boutique.
  3420 | D        | Noticed an oklob plant
  3422 | D        | Noticed an oklob plant
  3423 | D        | Noticed an oklob plant
  3424 | D        | Noticed an oklob plant
  3425 | D        | Noticed an oklob plant
  3426 | D        | Noticed an oklob plant
  3427 | D        | Noticed an oklob plant
  3428 | D        | Killed an oklob plant
  3429 | D        | Noticed an oklob plant
  3430 | D        | Killed an oklob plant
  3431 | D        | Noticed an oklob plant
  3432 | D        | Killed an oklob plant
  3433 | D        | Reached skill level 20 in Stealth
  3433 | D        | Noticed an oklob plant
  3434 | D        | Killed an oklob plant
  3435 | D        | Noticed an oklob plant
  3436 | D        | Killed an oklob plant
  3437 | D        | Reached XP level 11. HP: 52/52 MP: 10/12
  3437 | D        | Noticed an oklob plant
  3439 | D        | Killed an oklob plant
  3442 | D        | Killed an oklob plant
  3444 | D        | Killed an oklob plant
  3448 | D        | Killed an oklob plant
  3449 | D        | Reached skill level 21 in Stealth
  3452 | D        | Killed an oklob plant
  3454 | D        | Killed an oklob plant
  3461 | D        | Killed an oklob plant
  3710 | D        | Noticed a spriggan rider
  3718 | D        | Killed a spriggan rider
  3719 | D        | Reached skill level 22 in Stealth
  3824 | D        | Noticed a spriggan defender
  3824 | D        | Noticed a spriggan defender
  3828 | D        | Noticed a spriggan druid
  3831 | D        | Killed a spriggan defender
  3832 | D        | Killed a spriggan defender
  3833 | D        | Reached skill level 23 in Stealth
  3837 | D        | Killed a spriggan druid
  3839 | D        | Noticed a spriggan druid
  3842 | D        | Noticed a spriggan berserker
  3842 | D        | Noticed a spriggan berserker
  3846 | D        | Killed a spriggan druid
  3853 | D        | Killed a spriggan berserker
  3856 | D        | Killed a spriggan berserker
  3965 | D        | Noticed a spriggan rider
  3965 | D        | Noticed a spriggan rider
  3978 | D        | Killed a spriggan rider
  3979 | D        | Reached skill level 24 in Stealth
  3979 | D        | Gained mutation: Your thick and shaggy fur keeps you warm.
                  | (AC +3, rC+) [Felid growth]
  3979 | D        | Reached XP level 12. HP: 57/57 MP: 13/13
  4280 | D        | Noticed a spriggan defender
  4289 | D        | Killed a spriggan defender
  5001 | D        | Noticed the Enchantress
  5024 | D        | Slain by the Enchantress
  5025 | D        | Reached XP level 11. HP: -4/53 MP: 12/12
  5026 | D        | Noticed an oklob plant shifter
  5028 | D        | Noticed an oklob plant meteorologist
  5030 | D        | Killed an oklob plant shifter
  5040 | D        | Killed an oklob plant meteorologist
  5051 | D        | Noticed a ghost moth
  5053 | D        | Found Vaell's General Store.
  5053 | D        | Found Juogaf's Antique Weapon Boutique.
  5053 | D        | Found Bohifad's Assorted Antiques.
  5059 | D        | Killed a ghost moth
  5387 | D        | Killed the Enchantress
  5388 | D        | Reached skill level 25 in Stealth
  5864 | D        | Noticed an oklob plant annihilator
  5870 | D        | Noticed an oklob plant demonologist
  5873 | D        | Killed an oklob plant demonologist
  5876 | D        | Killed an oklob plant annihilator
  6041 | D        | Noticed a spriggan rider
  6048 | D        | Killed a spriggan rider
  6050 | D        | Reached XP level 12. HP: 57/57 MP: 11/13
  6231 | D        | Noticed a ghost moth
  6238 | D        | Reached skill level 15 in Dodging
  6240 | D        | Killed a ghost moth
  6241 | D        | Reached skill level 26 in Stealth
  6445 | D        | Noticed a spriggan defender
  6450 | D        | Noticed a spriggan defender
  6454 | D        | HP: 2/57 [spriggan defender (35)]
  6454 | D        | Demolished by a spriggan defender

Illustrated notes

Levels and vault maps discovered:
D:        dungeon_sprint_fedhas [sprint_temple]

Skill      XL: |  1  2  3  4  5  6  7  8  9 10 11 12 |
---------------+-------------------------------------+-----
Dodging        | 5 6 7 8 9 10 11 12 13 14 15 | 15.2
Fighting       | 4 5 6 7 8 9 |  9.3
Unarmed Combat | 4 5 6 8 9 10 12 15 16 19 | 19.5
Stealth        | 1 3 6 8 11 18 20 25 26 | 26.2
Evocations     | 1 4 6 8 12 13 14 | 14.7

Action                   |  1- 3 |  4- 6 |  7- 9 | 10-12 || total
-------------------------+-------+-------+-------+-------++-------
Melee: Unarmed           |     9 |    13 |    59 |   128 ||   209
       Bite              |       |     1 |     6 |     5 ||    12
       Punch             |       |       |     3 |     2 ||     5
Invok: Berserk           |     3 |     2 |     5 |     8 ||    18
       Brothers in Arms  |       |       |     2 |    10 ||    12
 Abil: Evoke Invisibilit |       |     4 |     6 |     8 ||    18
  Use: Scroll            |       |       |     1 |     1 ||     2
       Potion            |       |       |     1 |     1 ||     2
 Stab: Sleeping          |       |     4 |    13 |    27 ||    44
       Invisible         |       |     2 |     2 |    12 ||    16
       Distracted        |       |       |       |     1 ||     1
Armor: Skin              |       |       |       |     1 ||     1
Dodge: Dodged            |     5 |    11 |    24 |    63 ||   103

Table legend: (Time is in decaauts)
 A = Elapsed time spent in this place.
 B = Non-inter-level travel time spent in this place.
 C = Inter-level travel time spent in this place.
 D = Time resting spent in this place.
 E = Time spent auto-exploring this place.
 F = Levels seen in this place.
 G = Mean time per level.
                   A        B        C        D        E       F      G
               +--------+--------+--------+--------+--------+-----+--------+
         Total |   6323 |   6322 |      1 |   5279 |     93 |   1 | 6323.0 |
       Dungeon |   6323 |   6322 |      1 |   5279 |     93 |   1 | 6323.0 |
               +--------+--------+--------+--------+--------+-----+--------+

Top non-repeatable levels by time:
       D: 6323 daAuts
